 Dungeon Crawl Stone Soup version 0.28-a0-723-g095bd1b44f (webtiles) character file.

Game seed: 15642124394617303628

481 avis the Insei (level 7, -4/48 HPs)
             Began as an Octopode Transmuter on Oct 25, 2021.
             Slain by a phantom (7 damage)
             ... on level 4 of the Dungeon.
             The game lasted 00:20:10 (5008 turns).

avis the Insei (Octopode Transmuter)                Turns: 5008, Time: 00:20:12

Health: -4/48      AC:  2    Str: 11    XL:     7   Next: 12%
Magic:  9/11       EV: 19    Int: 18    God:
Gold:   118        SH:  0    Dex: 17    Spells: 4/12 levels left

rFire   . . .      SeeInvis .     - Unarmed
rCold   . . .      Faith    .   (shield currently unavailable)
rNeg    . . .      Spirit   .   (helmet currently unavailable)
rPois   x          Reflect  .   (no amulet)
rElec   .          Harm     .   (no ring)
rCorr   .          Rampage  .   (no ring)
Will    .....                   (no ring)
Stlth   ++........              (no ring)
HPRegen 0.16/turn               (no ring)
MPRegen 0.12/turn               (no ring)
                                (no ring)
                                (no ring)

@: spider-form, unable to read
A: venomous fangs, almost no armour, (amphibious), 8 rings, tiny, (camouflage
1), (gelatinous body 1), (nimble swimmer 1), (tentacles), clever 1, evolution 1,
inability to read while threatened, MP-powered wands
a: End Transformation


You were on level 4 of the Dungeon.
You were a venomous arachnid creature.
You visited 1 branch of the dungeon, and saw 4 of its levels.

You collected 118 gold pieces.

Inventory:

Hand Weapons
 q - a +2 scythe of venom
 w - a +2 short sword of venom
Missiles
 a - 136 stones
 e - 3 atropa-tipped darts
 f - 75 arrows
Jewellery
 h - an amulet of guardian spirit
Wands
 p - a wand of mindburst (16)
Scrolls
 b - a scroll of summoning {unknown}
 c - 4 scrolls of identify {unknown}
 d - a scroll of enchant weapon {unknown}
 i - a scroll of fog {unknown}
 j - a scroll of noise {unknown}
 k - 2 scrolls of amnesia {unknown}
 o - a scroll of immolation {unknown}
 r - a scroll of blinking {unknown}
Potions
 l - a potion of ambrosia {unknown}
 m - a potion of heal wounds {unknown}
 n - a potion of curing {unknown}


   Skills:
 - Level 4.0 Fighting
 - Level 2.0 Dodging
 * Level 5.4 Unarmed Combat
 - Level 3.0 Spellcasting
 - Level 3.0 Transmutations
 - Level 2.0 Poison Magic


You had 4 spell levels left.
You knew the following spells:

 Your Spells              Type           Power      Damage    Failure   Level
a - Beastly Appendage     Tmut           26%        N/A       14%         1
p - Spider Form           Tmut/Pois      5%         N/A       36%         3
q - Ice Form              Ice/Tmut       8%         N/A       83%         4

Your spell library contained the following spells:

 Spells                   Type           Power      Damage    Failure   Level
 Wereblood                Tmut           13%        N/A       19%         2
 Portal Projectile        Hex/Tloc       4%         N/A       65%         3
 Blade Hands              Tmut           6%         N/A       91%         5
 Excruciating Wounds      Necr           1%         N/A       100%        5


Dungeon Overview and Level Annotations

Branches:
Dungeon (4/15)
 Temple: D:4-7

Altars:

Annotations:
D:3 3 runed translucent doors, Dittersdorf's ghost, amateur GrFi


Innate Abilities, Weirdness & Mutations

You are a venomous arachnid creature.
You have poisonous fangs.
You are tiny and dextrous.
Your spellcasting is less reliable in this form.
Your armour is entirely melded.
You are incapable of wielding weapons or throwing items.
You cannot wear most types of armour.
((You are amphibious.))
You can wear up to eight rings at the same time.
((Your skin changes colour to match your surroundings (Stealth+).))
((Your rubbery body absorbs attacks. (AC +1, EV +1)))
((You are camouflaged near water. (Stealth+)))
((You have tentacles for arms and can constrict up to eight enemies at once.))
Your mind is acute. (Int +2)
You have hidden genetic potential.
You sometimes lose the ability to read scrolls when taking damage.
You expend magic power (3 MP) to strengthen your wands.


Message History

The gnoll closely misses you. The gnoll misses you.
The phantom closely misses you.
You barely miss the gnoll.
The gnoll is lightly wounded.
Your transformation has ended.
The gnoll hits you from afar with a +0 halberd!
The gnoll barely misses you. The gnoll closely misses you.
The phantom hits you but does no damage.
Casting: Spider Form (dangerous; 21% risk of failure)
Confirm with . or Enter, or press ? or * to list all spells.
You turn into a venomous arachnid creature.
The gnoll barely misses you. The gnoll closely misses you.
The gnoll hits you with a +0 spear! The phantom barely misses you.
You hit the gnoll but do no damage.
The gnoll is moderately wounded.
The gnoll misses you. x2; The gnoll closely misses you.
The phantom hits you.
The phantom blinks!
You blink.
You hit the phantom.
The phantom is moderately damaged.
The gnoll misses you. The phantom misses you.
The gnoll hits you with a +0 halberd. The gnoll misses you.
You bite the gnoll!
You kill the gnoll!
The gnoll hits you from afar with a +0 halberd.
The gnoll closely misses you. The gnoll closely misses you.
The gnoll hits you with a +0 spear!
* * * LOW HITPOINT WARNING * * *
You bite the gnoll!
The gnoll is poisoned.
The gnoll is severely wounded.
The phantom misses you. The gnoll completely misses you.
The gnoll hits you with a +0 spear.
* * * LOW HITPOINT WARNING * * *
It was a potion of mutation.
You feel extremely strange.
You lose the ability to read scrolls when threatened.
You feel your magical essence link to the dungeon's wands.
You feel a hidden potential growing inside you.
You feel clever. The phantom hits you!
You feel threatened and lose the ability to read scrolls!
You die...

###..............#
.........##############
......................#
......................#
.....###..............#
.....# #..............#
.....# #..............#
.....# #.......gg.....#
.....# #).......sW....#
.....# #........).....#
.....# #..............#
.....# #..............#
.....# ################
.....#


You could see a phantom and 2 gnolls.

Vanquished Creatures
  Sigmund (D:3)
  Menkaure (D:4)
  A hound (D:4)
  Ijyb (D:3)
  Robin (D:2)
  2 gnolls (D:4)
  4 adders
  A worm (D:2)
  3 dart slugs (D:1)
  8 endoplasms
  10 goblins
  14 hobgoblins
  4 quokkas
  4 ball pythons
  3 bats
  A frilled lizard (D:1)
  7 kobolds
  4 rats
70 creatures vanquished.

Notes
Turn   | Place    | Note
-------+----------+-------------------------------------------
     0 | D:1      | avis the Octopode Transmuter began the quest for the Orb.
     0 | D:1      | Reached XP level 1. HP: 13/13 MP: 3/3
   133 | D:1      | Reached XP level 2. HP: 4/19 MP: 3/5
  1113 | D:1      | Reached XP level 3. HP: 22/24 MP: 4/6
  1141 | D:1      | Learned a level 3 spell: Spider Form
  1361 | D:1      | Found a faded altar of an unknown god.
  1940 | D:2      | Reached skill level 4 in Unarmed Combat
  2321 | D:2      | Reached XP level 4. HP: 18/29 MP: 5/7
  3273 | D:3      | Reached skill level 1 in Poison Magic
  3309 | D:3      | Noticed Ijyb
  3316 | D:3      | Killed Ijyb
  3470 | D:3      | Noticed Robin
  3474 | D:3      | Reached XP level 5. HP: 28/34 MP: 6/8
  3675 | D:2      | Killed Robin
  3898 | D:3      | Noticed Sigmund
  3945 | D:3      | Killed Sigmund
  3946 | D:3      | Reached skill level 5 in Unarmed Combat
  3946 | D:3      | Reached XP level 6. HP: 42/42 MP: 5/10
  4013 | D:3      | Noticed Dittersdorf's ghost (amateur GrFi)
  4021 | D:3      | Found a runed translucent gate.
  4021 | D:3      | Found a runed translucent gate.
  4021 | D:3      | Found a runed translucent gate.
  4605 | D:4      | Noticed Menkaure
  4621 | D:4      | Killed Menkaure
  4622 | D:4      | Reached XP level 7. HP: 33/48 MP: 8/11
  4819 | D:4      | Learned a level 4 spell: Ice Form
  5007 | D:4      | HP: 2/48 [gnoll (4)]
  5008 | D:4      | Gained mutation: You sometimes lose the ability to read
                  | scrolls when taking damage. [potion of mutation]
  5008 | D:4      | Gained mutation: You expend magic power (3 MP) to
                  | strengthen your wands. [potion of mutation]
  5008 | D:4      | Gained mutation: You have hidden genetic potential. [potion
                  | of mutation]
  5008 | D:4      | Gained mutation: Your mind is acute. (Int +2) [potion of
                  | mutation]
  5008 | D:4      | Slain by a phantom

Illustrated notes

Levels and vault maps discovered:
D:1:      lemuel_arrival_cross, layout_basic, ebering_ecumenical_altar_box,
          minmay_pentomino_s4
D:2:      layout_loops_cross
D:3:      layout_loops_ring, gammafunk_ghost_split, uniq_robin, uniq_sigmund,
          uniq_ijyb
D:4:      layout_basic, uniq_menkaure

Skill      XL: |  1  2  3  4  5  6 |
---------------+-------------------+-----
Fighting       | 2 3 4 |  4.0
Unarmed Combat | 4 5 |  5.4
Transmutations | 3 |  3.0
Poison Magic   | 2 |  2.0
Spellcasting   | 3 |  3.0
Dodging        | |  2.0

Action                   |  1- 3 |  4- 6 |  7- 9 || total
-------------------------+-------+-------+-------++-------
Melee: Unarmed           |    39 |    41 |    17 ||    97
       Kick              |    17 |     9 |       ||    26
       Constrict         |    20 |    10 |       ||    30
       Tentacles         |     6 |     7 |       ||    13
       Short sword       |    28 |    35 |       ||    63
       Punch             |       |     1 |       ||     1
 Cast: Beastly Appendage |    27 |    11 |       ||    38
       Spider Form       |       |    10 |     4 ||    14
Evoke: Wand              |       |       |     1 ||     1
  Use: Potion            |       |       |     1 ||     1
 Stab: Sleeping          |     6 |       |       ||     6
Armor: Skin              |     6 |     4 |     1 ||    11
Dodge: Dodged            |    33 |    46 |    32 ||   111

Table legend: (Time is in decaauts)
 A = Elapsed time spent in this place.
 B = Non-inter-level travel time spent in this place.
 C = Inter-level travel time spent in this place.
 D = Time resting spent in this place.
 E = Time spent auto-exploring this place.
 F = Levels seen in this place.
 G = Mean time per level.
                   A        B        C        D        E       F      G
               +--------+--------+--------+--------+--------+-----+--------+
         Total |   5012 |   4806 |    206 |   2336 |   1547 |   4 | 1253.0 |
       Dungeon |   5012 |   4806 |    206 |   2336 |   1547 |   4 | 1253.0 |
               +--------+--------+--------+--------+--------+-----+--------+

Top non-repeatable levels by time:
     D:1: 2002 daAuts
     D:2: 1421 daAuts
     D:3: 983 daAuts
     D:4: 605 daAuts
